 Dungeon Crawl Stone Soup version 0.18.1-48-g4cf74bf (webtiles) character file.

206447 Zerowithabang the Spry (level 18, -24/156 HPs)
             Began as a Merfolk Gladiator on June 26, 2016.
             Was a High Priest of Okawaru.
             Killed from afar by Nikola (26 damage)
             ... with a chain lightning
             ... on level 1 of the Vaults on June 29, 2016.
             The game lasted 05:26:25 (52440 turns).

Zerowithabang the Spry (Merfolk Gladiator)         Turns: 52440, Time: 05:26:26

Health: -24/156    AC: 14    Str: 28    XL:     18   Next: 72%
Magic:  23/23      EV: 34    Int:  7    God:    Okawaru [*****.]
Gold:   2590       SH: 12    Dex: 25    Spells: 1 memorised, 15 levels left

rFire  . . .     SeeInvis +     B - +4 demon trident (vamp)
rCold  + . .     Gourm    .     v - +1 robe "Wyididea" {rPois rN+ Str+4}
rNeg   + + +     Faith    .     y - +3 buckler of the Blizzard {rN+++}
rPois  +         Spirit   .     r - +2 helmet
rElec  .         Dismiss  .     x - +0 cloak {MR+}
rCorr  .         Reflect  .     N - +2 pair of gloves {Str+3}
SustAt +         Harm     .     U - +1 pair of boots {Stlth+}
MR     ++...                    F - amulet of regeneration
Stlth  ++++......               k - ring "Gostriyme" {SustAt *Corrode rC+ Dex+4 SInv}
                                Q - +4 ring of dexterity

@: about to teleport, very resistant to hostile enchantments, stealthy
A: change form in water, swift swim
a: Heroism, Finesse, Renounce Religion
}: 1/15 runes: gossamer


You were on level 1 of the Vaults.
You worshipped Okawaru.
Okawaru was extremely pleased with you.
You were not hungry.

You visited 6 branches of the dungeon, and saw 32 of its levels.

You collected 2590 gold pieces.

Inventory:

Hand Weapons
 B - a +4 vampiric demon trident (weapon)
Missiles
 b - 53 poisoned needles
 P - 2 needles of paralysis
 R - 25 javelins (quivered)
Armour
 r - a +2 helmet (worn)
 v - the +1 robe "Wyididea" (worn) {rPois rN+ Str+4}
   (You found it on level 4 of the Dungeon)

   It affects your strength (+4).
   It protects you from poison.
   It protects you from negative energy.
 x - a +0 cloak of magic resistance (worn)
 y - the +3 buckler of the Blizzard (worn) {rN+++}
   (Okawaru gifted it to you on level 11 of the Dungeon)

   It renders you almost immune to negative energy.
 N - a +2 pair of gloves of strength (worn)
 U - a +1 pair of boots of stealth (worn)
Jewellery
 a - a cursed ring of teleportation {unknown}
 k - the ring "Gostriyme" (right hand) {SustAt *Corrode rC+ Dex+4 SInv}
   (You found it on level 7 of the Lair of Beasts)

   [ring of sustain attributes]

   It sustains your strength, intelligence and dexterity.
   It affects your dexterity (+4).
   It protects you from cold.
   It lets you see invisible.
   It may corrode you when you take damage.
 F - an amulet of regeneration (around neck)
 Q - a +4 ring of dexterity (left hand)
Wands
 o - a wand of teleportation (3/9)
Scrolls
 d - a scroll of identify
 l - 4 scrolls of magic mapping
 s - 3 scrolls of summoning
 z - 5 scrolls of enchant armour
 C - 18 scrolls of remove curse
 K - 6 scrolls of teleportation
 L - 2 scrolls of blinking
 M - 2 scrolls of fog
 X - 2 scrolls of amnesia
Potions
 c - a potion of resistance
 i - 3 potions of might
 p - 3 potions of brilliance
 w - 4 potions of agility
 J - 5 potions of ambrosia
 V - 2 potions of flight
 W - 3 potions of invisibility
 Y - a potion of magic
 Z - 3 potions of curing
Comestibles
 f - 13 bread rations
 g - 2 meat rations
 h - 4 fruits
 D - a slice of pizza
 T - a beef jerky


   Skills:
 + Level 17.7 Fighting
 - Level 17.5 Polearms
 - Level 7.8 Throwing
 - Level 8.0 Armour
 + Level 20.6 Dodging
 - Level 3.4 Stealth
 + Level 13.5 Shields
 - Level 7.2 Invocations


You had 15 spell levels left.
You knew the following spells:

 Your Spells              Type           Power        Failure   Level  Hunger
a - Swiftness             Chrm/Air       #.......     73%         2    ###....


Dungeon Overview and Level Annotations

Branches:
Dungeon (15/15)            Temple (0/1) D:5            Lair (8/8) D:8
 Shoals (3/4) Lair:5       Spider (4/4) Lair:3        Slime (0/6) Lair:6
    Orc (0/2) D:10         Vaults (1/5) D:13         Depths (1/5) D:15

Altars:
Cheibriados
Dithmenos
Elyvilon
Fedhas
Kikubaaqudgha
Nemelex Xobeh
Okawaru
Pakellas
Qazlal
Sif Muna
Trog
Vehumet
Yredelemnul
Zin
The Shining One

Annotations:
D:4 exclusion: door
D:8 exclusion: statue
Shoals:3 Mara
Vaults:1 Nikola


Message History

Nikola is heavily wounded.
Nikola gestures wildly while chanting.
You hear a mighty clap of thunder!
The lightning arc hits you!
The lightning arc hits Nikola.
The lightning arc hits you!
* * * LOW HITPOINT WARNING * * *
The lightning arc hits Nikola.
The lightning arc hits you!
* * * LOW HITPOINT WARNING * * *
You hear a shout!
You hear an angry hiss.
You hear a shout!
Zapping:
o - a wand of teleportation (4/9)
Press: ? - help, Shift-Dir - straight line, f - you You feel strangely unstable.
This wand has 3 charges left.
Nikola gestures wildly while chanting.
You hear a mighty clap of thunder!
The lightning arc hits you!
* * * LOW HITPOINT WARNING * * *
The lightning arc hits Nikola.
The lightning arc hits you!
* * * LOW HITPOINT WARNING * * *
The lightning arc hits Nikola.
The lightning arc hits you!
You die...

####'####
####(..#
#......#
#......#
#######...#
#.....'...#
#.....#..(#
##@.####@..#
#...#..@..##
#...'.....#
#...#######
#......#
#......#
#.cc####
##'## .. c.


You could see Nikola.

Vanquished Creatures
  Agnes (Spider:3)
  Louise (Shoals:1)
  2 ghost moths
  5 emperor scorpions
  Nessos (D:13)
  A salamander stormcaller (D:12)
  4 spark wasps
  A yaktaur captain (Vaults:1)
  Josephine (Shoals:1)
  2 fire dragons (D:15)
  4 merfolk impalers
  2 entropy weavers (Spider:1)
  2 rakshasas
  7 hydras
  5 merfolk aquamancers (Shoals:2)
  3 centaur warriors (D:13)
  4 catoblepae
  2 dancing weapons (D:13)
  The ghost of Wardy the Shield-Bearer, a novice DsWr of Qazlal (D:10)
  Urug (D:15)
  18 death yaks
  4 skeletal warriors (Vaults:1)
  8 death scarabs (Spider:4)
  2 sea snakes (Shoals:2)
  4 unseen horrors
  Pikel (D:5)
  7 hill giants
  9 harpies
  2 orc knights (Vaults:1)
  13 orb spiders
  2 wolf spider zombies (Spider:4)
  2 spectral wolf spiders (Spider:4)
  A deep elf mage (Vaults:1)
  7 griffons
  2 orc sorcerers (Vaults:1)
  29 wolf spiders
  12 ugly things
  6 hornets
  7 fauns
  4 moths of wrath
  9 manticores
  3 cyclopes
  A vault sentinel (Vaults:1)
  9 elephants
  10 black mambas
  Maurice (D:8)
  3 sirens
  3 water nymphs
  15 spiny frogs
  4 gargoyles
  2 torpor snails (Spider:2)
  A kobold demonologist (D:12)
  A freezing wraith (D:15)
  8 yaktaurs
  3 rime drakes
  8 komodo dragons
  5 spectral redbacks (Spider:4)
  15 demonic crawlers
  4 redback zombies (Spider:4)
  35 jumping spiders
  12 merfolk
  4 spectral jumping spiders (Spider:4)
  3 spectral tarantellas (Spider:4)
  2 polar bears
  2 trolls
  2 jumping spider zombies (Spider:4)
  4 two-headed ogres
  27 blink frogs
  A spectral hornet (Spider:4)
  12 slime creatures
  A hornet zombie (Spider:4)
  A boulder beetle (Lair:6)
  2 tarantella zombies (Spider:4)
  3 shadows
  Sigmund (D:2)
  68 redbacks
  3 water elementals
  38 tarantellas
  A yak (shapeshifter) (D:15)
  5 wraiths
  59 yaks
  The ghost of Rationalist the Covered, an amateur MiFi (D:3)
  3 wyverns
  2 basilisks
  3 hungry ghosts
  2 vampire mosquitoes (D:13)
  9 hippogriffs
  2 wargs (Vaults:1)
  A mottled dragon (D:10)
  27 water moccasins
  Duvessa (D:6)
  9 orc warriors
  4 ice beasts
  18 porcupines
  4 sky beasts
  2 black bears
  A slave (D:5)
  2 wasps
  A necrophage (D:8)
  9 ogres
  25 wolves
  16 centaurs
  19 crocodiles
  Blork the orc (D:6)
  3 big kobolds
  24 giant frogs
  A gnoll sergeant (D:10)
  Dowan (D:6)
  A water moccasin skeleton (D:5)
  31 scorpions (Spider:2)
  18 killer bees
  3 electric eels
  2 spriggan skeletons (D:11)
  A jelly (D:6)
  8 crimson imps
  6 howler monkeys
  4 giant frog zombies
  3 centaur zombies
  3 quasits
  7 orc priests
  A gnoll shaman (D:6)
  6 hounds
  Crazy Yiuf (D:5)
  2 giant frog skeletons
  10 centaur skeletons
  Ijyb (D:2)
  10 orc wizards
  9 worker ants
  15 iguanas
  9 hell rats
  32 sheep
  A hound skeleton (D:8)
  12 gnolls
  A howler monkey skeleton (D:10)
  11 adders
  35 river rats
  6 shadow imps
  3 oozes
  2 adder skeletons
  An adder zombie (D:7)
  3 worms
  2 dart slugs
  5 giant geckos
  50 orcs
  4 ball pythons
  9 giant cockroaches
  11 goblins
  7 hobgoblins
  15 jackals
  8 quokkas
  13 bats
  A giant gecko skeleton (D:4)
  A giant gecko zombie (D:8)
  5 giant newts
  20 kobolds
  A quokka zombie (D:9)
  13 rats
  3 fungi
  3 plants
1201 creatures vanquished.

Vanquished Creatures (others)
  A great orb of eyes (Vaults:1)
  2 hounds (D:5)
  A jelly (D:5)
  28 fungi
  19 plants
51 creatures vanquished.

Grand Total: 1252 creatures vanquished

Notes
Turn   | Place    | Note
--------------------------------------------------------------
     0 | D:1      | Zerowithabang the Merfolk Gladiator began the quest for the Orb.
     0 | D:1      | Reached XP level 1. HP: 16/16 MP: 1/1
    72 | D:1      | Reached XP level 2. HP: 15/23 MP: 2/2
   609 | D:1      | Reached XP level 3. HP: 26/28 MP: 3/3
  1285 | D:2      | Reached skill level 5 in Polearms
  1285 | D:2      | Reached XP level 4. HP: 29/34 MP: 4/4
  1303 | D:2      | Reached skill level 5 in Dodging
  1828 | D:2      | Reached skill level 1 in Armour
  1940 | D:2      | Noticed Sigmund
  1956 | D:2      | Killed Sigmund
  1956 | D:2      | Reached skill level 6 in Dodging
  1956 | D:2      | Reached skill level 1 in Stealth
  1956 | D:2      | Reached XP level 5. HP: 25/40 MP: 5/5
  1956 | D:2      | Reached XP level 6. HP: 28/46 MP: 6/6
  1974 | D:2      | Noticed Ijyb
  2088 | D:2      | Killed Ijyb
  3355 | D:3      | Noticed Rationalist's ghost (amateur MiFi)
  3369 | D:3      | Killed Rationalist's ghost
  3369 | D:3      | Reached skill level 7 in Dodging
  3369 | D:3      | Reached XP level 7. HP: 23/52 MP: 7/7
  3849 | D:3      | Found a glowing silver altar of Zin.
  3849 | D:3      | Found a glowing golden altar of the Shining One.
  3852 | D:3      | Found an iron altar of Okawaru.
  3876 | D:3      | Became a worshipper of Warmaster Okawaru
  3931 | D:4      | Got a brightly glowing robe
  3942 | D:4      | Identified the +1 robe "Wyididea" {rPois rN+ Str+4} (You found it on level 4 of the Dungeon)
  4202 | D:4      | Found a deep blue altar of Sif Muna.
  4973 | D:4      | Reached skill level 1 in Invocations
  5036 | D:5      | Entered Level 5 of the Dungeon
  5191 | D:5      | Found a staircase to the Ecumenical Temple.
  5250 | D:5      | Noticed Pikel
  5285 | D:5      | Killed Pikel
  5285 | D:5      | Reached * piety under Okawaru
  5285 | D:5      | Reached skill level 8 in Dodging
  5285 | D:5      | Reached XP level 8. HP: 24/61 MP: 7/10
  5533 | D:5      | Noticed Crazy Yiuf
  5547 | D:5      | Killed Crazy Yiuf
  5599 | D:5      | Found a shadowy altar of Dithmenos.
  5609 | D:5      | Found an ancient bone altar of Kikubaaqudgha.
  5612 | D:5      | Found a blossoming altar of Fedhas.
  5612 | D:5      | Found a snail-covered altar of Cheibriados.
  5635 | D:5      | Found a sand-covered staircase.
  5761 | D:5      | Reached skill level 5 in Fighting
  5886 | D:6      | Noticed Dowan
  5895 | D:6      | Noticed Duvessa
  5932 | D:6      | Killed Duvessa
  5943 | D:6      | Killed Dowan
  6137 | D:6      | Reached ** piety under Okawaru
  6137 | D:6      | Reached XP level 9. HP: 51/68 MP: 11/11
  6142 | D:6      | Noticed Blork the orc
  6175 | D:6      | Killed Blork the orc
  6827 | D:6      | Got a dazzling scale mail
  6838 | D:6      | Identified the +1 scale mail of Grace {*Confuse Str+8 Dex-2 SInv} (You found it on level 6 of the Dungeon)
  6905 | D:6      | Found a blossoming altar of Fedhas.
  7475 | D:7      | Found a bloodstained altar of Trog.
  7481 | D:7      | Reached skill level 9 in Dodging
  8009 | D:7      | Noticed a hill giant
  8062 | D:7      | Noticed a two-headed ogre
  8327 | D:7      | Killed a hill giant
  8327 | D:7      | Reached *** piety under Okawaru
  8327 | D:7      | Reached skill level 5 in Invocations
  8874 | D:7      | Reached skill level 10 in Polearms
  8874 | D:7      | Reached XP level 10. HP: 59/77 MP: 13/13
  9306 | D:8      | Found a basalt altar of Yredelemnul.
  9348 | D:8      | Found a radiant altar of Vehumet.
  9491 | D:8      | Reached skill level 10 in Dodging
  9498 | D:8      | Reached **** piety under Okawaru
  9858 | D:8      | Found a staircase to the Lair.
  9906 | D:8      | Reached skill level 5 in Armour
 10137 | D:8      | Noticed Maurice
 10183 | Lair:1   | Entered Level 1 of the Lair of Beasts
 10183 | Lair:1   | Noticed a spiny frog
 10215 | Lair:1   | Killed a spiny frog
 10215 | Lair:1   | Reached ***** piety under Okawaru
 10648 | Lair:1   | Received a gift from Okawaru
 10907 | Lair:1   | Reached XP level 11. HP: 24/86 MP: 16/16
 11092 | D:8      | Reached skill level 11 in Dodging
 13924 | Lair:2   | Received a gift from Okawaru
 14657 | Lair:3   | Noticed a death yak
 14658 | Lair:3   | Noticed a death yak
 14661 | Lair:3   | Noticed a death yak
 14662 | Lair:3   | Noticed a death yak
 14663 | Lair:3   | Noticed a death yak
 14988 | D:8      | Killed Maurice
 15469 | D:8      | Reached skill level 12 in Dodging
 16258 | D:9      | Found a stormy altar of Qazlal.
 16653 | D:10     | Entered Level 10 of the Dungeon
 16689 | D:10     | Noticed a hill giant
 16700 | D:10     | Killed a hill giant
 16700 | D:10     | Reached XP level 12. HP: 84/97 MP: 14/17
 16876 | D:10     | Noticed Wardy's ghost (novice DsWr)
 16903 | D:10     | Killed Wardy's ghost
 16903 | D:10     | Reached skill level 10 in Fighting
 16956 | D:10     | Found a staircase to the Orcish Mines.
 16975 | D:10     | Received a gift from Okawaru
 18393 | D:10     | Received a gift from Okawaru
 19341 | D:11     | Reached skill level 13 in Dodging
 19591 | D:11     | Received a gift from Okawaru
 19594 | D:11     | Got a brightly glowing buckler {god gift}
 19601 | D:11     | Identified the +3 buckler of the Blizzard {rN+++} (Okawaru gifted it to you on level 11 of the Dungeon)
 21665 | D:12     | Reached XP level 13. HP: 53/106 MP: 18/18
 22167 | D:12     | Found a sparkling altar of Nemelex Xobeh.
 22279 | D:12     | Reached skill level 1 in Shields
 22909 | Lair:2   | Reached skill level 14 in Dodging
 22927 | Lair:2   | Reached skill level 15 in Polearms
 24176 | Lair:3   | Found a hole to the Spider Nest.
 24597 | Lair:3   | Received a gift from Okawaru
 25597 | Lair:4   | Received a gift from Okawaru
 25621 | Lair:4   | Reached ****** piety under Okawaru
 25621 | Lair:4   | Reached XP level 14. HP: 70/115 MP: 19/19
 25641 | Lair:4   | Got a crude hat {god gift}
 25661 | Lair:4   | Identified the +1 hat of Dawn {rN+ Int+9} (Okawaru gifted it to you on level 4 of the Lair of Beasts)
 25834 | Lair:4   | Reached skill level 15 in Dodging
 26025 | Lair:4   | Learned a level 2 spell: Swiftness
 26247 | Lair:4   | Reached skill level 5 in Shields
 27953 | Lair:5   | Found a staircase to the Shoals.
 29414 | D:12     | Found a deep blue altar of Sif Muna.
 29416 | D:12     | Reached skill level 5 in Throwing
 29526 | D:12     | Noticed a salamander stormcaller
 30390 | Lair:6   | Received a gift from Okawaru
 30704 | Lair:6   | Received a gift from Okawaru
 31548 | Lair:6   | Found a staircase to the Slime Pits.
 33106 | Lair:7   | Got a vibrating marble ring
 33381 | Lair:7   | Received a gift from Okawaru
 33466 | Lair:7   | Reached XP level 15. HP: 123/123 MP: 20/20
 33780 | Lair:8   | Entered Level 8 of the Lair of Beasts
 34047 | Lair:8   | Reached skill level 16 in Dodging
 35075 | Lair:8   | Received a gift from Okawaru
 35497 | Lair:8   | Received a gift from Okawaru
 35502 | Lair:8   | Identified the ring "Gostriyme" {SustAt *Corrode rC+ Dex+4 SInv} (You found it on level 7 of the Lair of Beasts)
 37305 | Shoals:1 | Entered Level 1 of the Shoals
 37885 | Shoals:1 | Noticed Louise
 37924 | Shoals:1 | Killed Louise
 37978 | Shoals:1 | Noticed Josephine
 38002 | Shoals:1 | Killed Josephine
 39728 | Shoals:2 | Received a gift from Okawaru
 39741 | Shoals:2 | Reached XP level 16. HP: 133/133 MP: 21/21
 40307 | Shoals:2 | Reached skill level 17 in Dodging
 40514 | Shoals:3 | Noticed Mara
 41145 | Shoals:3 | Noticed Zerowithabang's illusion
 41276 | Spider:1 | Entered Level 1 of the Spider Nest
 42218 | Spider:1 | Reached skill level 15 in Fighting
 42278 | Spider:1 | Reached skill level 10 in Shields
 42410 | Spider:1 | Received a gift from Okawaru
 42529 | Spider:1 | Noticed a Tzitzimitl
 43374 | Spider:2 | Received a gift from Okawaru
 43417 | Spider:2 | Reached skill level 18 in Dodging
 43653 | Spider:1 | Received a gift from Okawaru
 44219 | Spider:2 | Reached XP level 17. HP: 86/142 MP: 22/22
 44297 | Spider:2 | Received a gift from Okawaru
 44301 | Spider:2 | Got a distressingly furry ring mail {god gift}
 44302 | Spider:2 | Identified the +2 ring mail of Purpose {Stlth+} (Okawaru gifted it to you on level 2 of the Spider Nest)
 44655 | Spider:3 | Noticed Agnes
 44684 | Spider:3 | Killed Agnes
 45404 | Spider:3 | Got a smoking leather armour
 45405 | Spider:3 | Identified the +2 leather armour "Wopell" {Str+2} (You found it on level 3 of the Spider Nest)
 45435 | Spider:4 | Entered Level 4 of the Spider Nest
 45598 | Spider:4 | Reached skill level 19 in Dodging
 46387 | Spider:4 | Received a gift from Okawaru
 46463 | Spider:4 | Received a gift from Okawaru
 47372 | Spider:4 | Reached XP level 18. HP: 119/153 MP: 23/23
 47438 | Spider:4 | Got a gossamer rune of Zot
 48099 | D:12     | Found a sparkling altar of Nemelex Xobeh.
 48177 | D:13     | You fall through a shaft for 2 floors!
 48177 | D:15     | Entered Level 15 of the Dungeon
 48329 | D:13     | Reached skill level 20 in Dodging
 48355 | D:13     | Found a gate to the Vaults.
 48375 | D:13     | Noticed Nessos
 48642 | D:13     | Killed Nessos
 48859 | D:13     | Received a gift from Okawaru
 49282 | D:14     | Found a white marble altar of Elyvilon.
 49502 | D:14     | Identified a scroll of acquirement
 50530 | D:15     | Noticed Urug
 50575 | D:15     | Killed Urug
 50633 | D:15     | Found an oddly glowing altar of Pakellas.
 51302 | D:15     | Found a staircase to the Depths.
 51480 | Depths:1 | Entered Level 1 of the Depths
 51604 | Vaults:1 | Entered Level 1 of the Vaults
 52388 | Vaults:1 | Noticed Nikola
 52440 | Vaults:1 | HP: 5/156 [Nikola/chain lightning (24)]
 52440 | Vaults:1 | HP: 2/156 [Nikola/chain lightning (3)]
 52440 | Vaults:1 | Killed from afar by Nikola

Skill      XL: |  1  2  3  4  5  6  7  8  9 10 11 12 13 14 15 16 17 18 |
---------------+-------------------------------------------------------+-----
Polearms       | 5 6 8 10 11 12 14 15 16 17 | 17.5
Dodging        | 6 7 8 9 10 12 13 14 15 16 18 19 20 | 20.6
Armour         | 1 2 3 4 5 6 7 8 |  8.0
Stealth        | 1 2 3 |  3.4
Fighting       | 3 4 5 6 8 9 11 12 13 14 15 16 17 | 17.7
Invocations    | 2 3 5 6 7 |  7.2
Shields        | 4 6 8 10 12 13 | 13.5
Throwing       | 3 6 7 |  7.8

Action                   |  1- 3 |  4- 6 |  7- 9 | 10-12 | 13-15 | 16-18 || total
-------------------------+-------+-------+-------+-------+-------+-------++-------
Melee: Trident           |   151 |   200 |   569 |   869 |  2219 |       ||  4008
       Punch             |       |       |     2 |     2 |       |       ||     4
       Tailslap          |       |       |       |     8 |    51 |   178 ||   237
       Halberd           |       |       |       |   355 |       |       ||   355
       Demon whip        |       |       |       |       |    29 |       ||    29
       Demon trident     |       |       |       |       |   283 |  2453 ||  2736
Throw: Throwing net      |       |     1 |       |       |       |       ||     1
       Javelin           |       |       |       |       |       |    27 ||    27
Invok: Heroism           |       |       |     4 |    19 |    14 |     7 ||    44
       Finesse           |       |       |       |     2 |     1 |     4 ||     7
Evoke: Wand              |       |       |     1 |     8 |     2 |     6 ||    17
  Use: Scroll            |     6 |     4 |     7 |    12 |    20 |    16 ||    65
       Potion            |       |     4 |     3 |     5 |     7 |     3 ||    22
 Stab: Sleeping          |     1 |     2 |     5 |     8 |     7 |    17 ||    40
       Held in net/web   |       |     2 |       |       |       |       ||     2
       Distracted        |       |       |       |       |     8 |     6 ||    14
  Eat: Bread ration      |     1 |     1 |     2 |     3 |     3 |       ||    10
       Chunk             |       |     1 |       |       |     5 |       ||     6
       Meat ration       |       |       |     2 |     6 |     7 |     6 ||    21
       Fruit             |       |       |     2 |     2 |     5 |     8 ||    17
       Pizza             |       |       |       |     2 |     2 |     1 ||     5
       Royal jelly       |       |       |       |       |     1 |     1 ||     2
       Beef jerky        |       |       |       |       |     2 |     1 ||     3
Armor: Leather armour    |    45 |    50 |     9 |       |       |       ||   104
       Robe              |       |       |    87 |   238 |   159 |   135 ||   619
Dodge: Dodged            |   117 |   154 |   360 |   961 |  1414 |  1881 ||  4887
Block: Buckler           |       |       |       |    55 |   721 |  1082 ||  1858
